 Dungeon Crawl Stone Soup version 0.31-a0-187-gba352fbbf7 (webtiles) character file.

Game seed: 11991517348381253729

399 qw the Skirmisher (level 6, -3/36 HPs)
             Began as a Deep Elf Hunter on June 22, 2023.
             Slain by an ogre
             ... wielding a +0 giant club
              (22 damage)
             ... on level 5 of the Dungeon.
             The game lasted 00:01:05 (2828 turns).

qw the Skirmisher (Deep Elf Hunter)                 Turns: 2828, Time: 00:01:05

Health: -3/36      AC: 17    Str: 10    XL:     6   Next: 53%
Magic:  8/8        EV:  9    Int: 18    God:
Gold:   312        SH:  0    Dex: 18    Spells: 5/5 levels left

rFire   + . .        Y - +1 shortbow (elec)
rCold   . . .        (shield currently unavailable)
rNeg    . . .        h - +2 scale mail {rF+}
rPois   .            f - +1 helmet of Catatonia {Regen+ Int+4}
rElec   .            e - +0 cloak
rCorr   .            k - +1 pair of gloves
SInv    .            (no boots)
Will    +....        (no amulet)
Stlth   +            d - +4 ring of protection
HPRegen 1.06/turn    (no ring)
MPRegen 0.11/turn

%: no passive effects
@: enlightened, flying (expiring)
A: no striking features
a: no special abilities


You were on level 5 of the Dungeon.
You visited 1 branch of the dungeon, and saw 5 of its levels.

You collected 312 gold pieces.


   Skills:
 - Level 2.4 Fighting
 + Level 9.7 Ranged Weapons
 - Level 1.0 Armour
 - Level 2.4 Dodging
 - Level 1.2 Stealth


You had 5 spell levels left.
You didn't know any spells.
Your spell library was empty.

Inventory:

Hand Weapons
 Y - a +1 shortbow of electrocution (weapon)
Armour
 e - a +0 cloak (worn)
 f - the +1 helmet of Catatonia (worn) {Regen+ Int+4}
   (You found it on level 4 of the Dungeon)

   Int:       It affects your intelligence (+4).
   Regen:     It increases your rate of health regeneration.
 g - the +0 ring mail of the Fifty Visionaries {Will+}
   (You took it off a hobgoblin on level 2 of the Dungeon)

   Will:      It increases your willpower.
 h - a +2 scale mail of fire resistance (worn)
 k - a +1 pair of gloves (worn)
Jewellery
 d - a +4 ring of protection (left hand)
Scrolls
 c - a scroll of identify
 m - a scroll of teleportation
Potions
 b - a potion of curing {unknown}
 i - a potion of invisibility {unknown}
 j - a potion of enlightenment

Dungeon Overview and Level Annotations

Branches:
Dungeon (5/15)
 Temple: D:4-7

Altars:
Elyvilon
Kikubaaqudgha
Qazlal


Message History

2790 ||| IDENTIFYING sedimented silvery potion Done exploring.
2791 ||| DROPPING potion of magic.
You drop a potion of magic.
Done exploring.
(D) Dungeon
Where to? (* - list waypoints, Enter - D:4, ? - help)
What level of the Dungeon? (default 1, ? - help)
There is a stone staircase leading down here.
You fly downwards.
You hear the hiss of flowing sand.
There is an entrance to an ossuary on this level.
Hurry and find it before the portal is buried!
Found a jewelled iron wand.
There is a stone staircase leading up here.
Waypoint 4 assigned to D:5.
2796 ||| PLANNING OSSUARY
Found a scale mail.
You see here a wand of iceblast (14).
You now have 288 gold pieces (gained 19).
You now have 300 gold pieces (gained 12).
Found an ancient bone altar of Kikubaaqudgha.
An ogre comes into view. It is wielding a +0 giant club.
You see here 12 gold pieces.
You shoot an arrow. The arrow hits the ogre.
The ogre is lightly wounded.
You shoot an arrow. The arrow hits the ogre.
The ogre is lightly wounded.
You now have 312 gold pieces (gained 12).
An ogre is nearby!
You shoot an arrow. The arrow hits the ogre.
Lightning courses through the ogre!
The ogre is heavily wounded.
You shoot an arrow. The arrow barely misses the ogre.
You are starting to lose your buoyancy.
The ogre hits you with a +0 giant club!!
Ouch! That really hurt!
You shoot an arrow.
The arrow hits the ogre but does no damage.
The ogre is heavily wounded.
The ogre hits you with a +0 giant club!!
Ouch! That really hurt!
You die...

### . .. ..##.##
.....## ..#. #. ......
_.... ....#...# ....#
#...O.# .!.0 #.
#@###.####
##.###.#......####
..................$
.##.###.........# #
#.# #.........#
#.#.###.###..##.##.#.#
#......../...##.#.## #
# ##............##..##
.#.#
#....###.###.......##
.....


You could see an ogre.

Vanquished Creatures
  3 scorpions
  An orc priest (D:4)
  A sleepcap (D:3)
  An iguana (D:4)
  2 orc wizards (D:4)
  2 adders
  A worm (D:4)
  2 dart slugs
  7 orcs
  3 endoplasms
  2 giant cockroaches
  4 goblins
  7 hobgoblins
  3 jackals
  8 kobolds
  5 quokkas
  6 ball pythons
  5 bats
  9 frilled lizards
  5 rats
77 creatures vanquished.

Notes
Turn   | Place    | Note
-------+----------+-------------------------------------------
     0 | D:1      | qw the Deep Elf Hunter began the quest for the Orb.
     0 | D:1      | Reached XP level 1. HP: 12/12 MP: 3/3
     0 | D:1      | 0 ||| qw: Version: 0.3-a-9-g12657ce
     0 | D:1      | 0 ||| qw: Game counter: 2315
     0 | D:1      | 0 ||| qw: Always use a shield: true
     0 | D:1      | 0 ||| qw: God list: Okawaru
     0 | D:1      | 0 ||| qw: Allow faded altars: false
     0 | D:1      | 0 ||| qw: Do Orc after D:15 true
     0 | D:1      | 0 ||| qw: Do second Lair branch before Depths: true
     0 | D:1      | 0 ||| qw: Lair rune preference: random
     0 | D:1      | 0 ||| qw: Plans: Normal
     0 | D:1      | 0 ||| PLANNING D:1-11
     3 | D:1      | Found a faded altar of an unknown god.
    99 | D:1      | Reached XP level 2. HP: 16/16 MP: 4/4
   101 | D:1      | Reached skill level 6 in Ranged Weapons
   401 | D:1      | 401 ||| UPGRADING to +0 cloak.
   406 | D:1      | 406 ||| READING scroll labelled FIEC BAM MASS.
   407 | D:1      | 407 ||| READING scroll labelled YTA HIUGGAMOIM.
   436 | D:1      | 436 ||| READING scroll labelled CIDEPN GAJO.
   441 | D:1      | 441 ||| READING scroll labelled RURHIYZIYF.
   442 | D:1      | 442 ||| DROPPING scroll of butterflies.
   526 | D:2      | Reached XP level 3. HP: 20/20 MP: 5/5
   673 | D:2      | Identified the +0 ring mail of the Fifty Visionaries
                  | {Will+}
   742 | D:2      | Reached skill level 7 in Ranged Weapons
  1132 | D:2      | 1132 ||| UPGRADING to +0 scale mail.
  1142 | D:2      | 1142 ||| DROPPING +0 leather armour.
  1143 | D:2      | 1143 ||| UPGRADING to +0 ring mail.
  1153 | D:2      | 1153 ||| DROPPING +0 scale mail.
  1154 | D:2      | 1154 ||| UPGRADING to +0 ring mail of the Fifty Visionaries
                  | {Will+}.
  1164 | D:2      | 1164 ||| DROPPING +0 ring mail.
  1165 | D:2      | 1165 ||| UPGRADING to +0 pair of gloves.
  1170 | D:2      | 1170 ||| READING 2 scrolls labelled QOEKYUXEUP.
  1171 | D:2      | 1171 ||| READING scroll of enchant armour.
  1171 | D:2      | 1171 ||| ENCHANTING +0 pair of gloves.
  1172 | D:2      | 1172 ||| READING 2 scrolls labelled LIERPH ZOGE.
  1173 | D:2      | 1173 ||| READING scroll labelled XESEDI QEJEM.
  1174 | D:2      | 1174 ||| DROPPING scroll of fear.
  1547 | D:3      | Noticed a scorpion
  1550 | D:3      | Killed a scorpion
  1551 | D:3      | Reached skill level 8 in Ranged Weapons
  1551 | D:3      | Reached XP level 4. HP: 25/25 MP: 6/6
  1785 | D:3      | Found a white marble altar of Elyvilon.
  1877 | D:3      | 1877 ||| UPGRADING to +4 ring of protection.
  1878 | D:3      | 1878 ||| READING scroll labelled GUOWOS JUSTURCH.
  1879 | D:3      | 1879 ||| READING scroll labelled VATACVI IDOPHEREZ.
  1933 | D:4      | Noticed a scorpion
  1940 | D:4      | 1940 ||| STAIRDANCE
  1943 | D:3      | Reached XP level 5. HP: 17/29 MP: 7/7
  1946 | D:3      | Reached skill level 9 in Ranged Weapons
  2197 | D:4      | Found a stormy altar of Qazlal.
  2316 | D:4      | Reached XP level 6. HP: 36/36 MP: 8/8
  2391 | D:4      | Identified the +1 helmet of Catatonia {Regen+ Int+4}
  2423 | D:4      | Reached skill level 1 in Armour
  2774 | D:4      | 2774 ||| UPGRADING to +1 helmet of Catatonia {Regen+
                  | Int+4}.
  2779 | D:4      | 2779 ||| UPGRADING to +2 scale mail of fire resistance.
  2789 | D:4      | 2789 ||| DRINKING 2 sedimented golden potions.
  2790 | D:4      | 2790 ||| READING 2 scrolls of identify.
  2790 | D:4      | 2790 ||| IDENTIFYING sedimented silvery potion
  2791 | D:4      | 2791 ||| DROPPING potion of magic.
  2795 | D:5      | Entered Level 5 of the Dungeon
  2796 | D:5      | 2796 ||| PLANNING OSSUARY
  2818 | D:5      | Found an ancient bone altar of Kikubaaqudgha.
  2828 | D:5      | Slain by an ogre

Levels and vault maps discovered:
D:1:      matt_arrival_los_fun, layout_rooms, basic_ecumenical_altar,
          minmay_misc_feat_plants
D:2:      layout_basic, minmay_pentomino_p4
D:3:      layout_basic, pf_just_have_faith, serial_bayou_pond_d
D:4:      layout_cave_pods, mainiacjoe_overflow_catwalk
D:5:      layout_loops_ring, nicolae_kikubaaqudgha_miasma_corner,
          enter_ossuary_5, serial_glass, glass_columns_a, glass_columns_a

Skill      XL: |  1  2  3  4  5  6 |
---------------+-------------------+-----
Ranged Weapons | 6 8 9 |  9.7
Fighting       | 2 |  2.4
Armour         | 1 |  1.0
Dodging        | |  2.4
Stealth        | |  1.2

Action                     |  1- 3 |  4- 6 || total
---------------------------+-------+-------++-------
   Fire: Shortbow          |   131 |    84 ||   215
    Use: Scroll            |     8 |     3 ||    11
         Potion            |       |     1 ||     1
 Armour: Leather armour    |     6 |       ||     6
         Ring mail         |     3 |    19 ||    22
  Dodge: Dodged            |    28 |    13 ||    41

Table legend:
 A = Non-vault XP
 B = Vault XP
 C = Vault XP percentage of total XP
 D = Non-vault monster count
 E = Vault monster count
 F = Vault count percentage of total count
                 A         B        C        D         E       F
            +---------+---------+-------+---------+---------+-------
      Total |     561 |       9 |   1.6 |      73 |       4 |   5.2
            +---------+---------+-------+---------+---------+-------
        D:1 |      34 |       0 |   0.0 |      23 |       0 |   0.0
        D:2 |      24 |       9 |  27.3 |      14 |       4 |  22.2
        D:3 |     250 |       0 |   0.0 |      17 |       0 |   0.0
        D:4 |     253 |       0 |   0.0 |      19 |       0 |   0.0
            +---------+---------+-------+---------+---------+-------
